 Dungeon Crawl Stone Soup version 0.25-a0-290-g4a1327ee3a (webtiles) character file.

Game seed: 8000394441829064906, levelgen mode: deterministic

385238 Gargoyl the Schismatic (level 22, -2/192 HPs)
             Began as a Centaur Abyssal Knight on Dec 13, 2019.
             Was an Elder of Lugonu.
             Killed from afar by a deep elf death mage (28 damage)
             ... with a bolt of negative energy
             ... on level 3 of the Elven Halls on Dec 14, 2019.
             The game lasted 01:52:33 (64756 turns).

Gargoyl the Schismatic (Centaur Abyssal Knight)    Turns: 64756, Time: 01:52:34

Health: -2/192     AC: 29    Str: 25    XL:     22   Next: 26%
Magic:  34/34      EV: 20    Int:  9    God:    Lugonu [****..]
Gold:   1164       SH: 16    Dex: 13    Spells: 21/21 levels left

rFire    + + .     SeeInvis .   a - +9 hand axe (drain)
rCold    + + .     Gourm    .   y - +0 shield {reflect}
rNeg     . . .     Faith    .   I - +5 chain mail {rF+}
rPois    .         Spirit   .   F - +0 helmet
rElec    .         Reflect  +   e - scarf {rC+ rF+}
rCorr    .         Harm     .   m - +2 pair of gloves
MR       ++...     Clarity  +   K - +2 centaur barding {rC+}
Stlth    ..........             M - amulet of regeneration
HPRegen  0.82/turn              r - +6 ring of evasion
MPRegen  0.24/turn              l - ring "Ashyxupn" {+Fly MR+ EV+5 Str+4 Slay+3}

@: lethally poisoned (-2 -> -11), studying Long Blades, heavily drained, very
quick
A: large, hooves 3, large bone plates 1, clarity, deformed body, dopey 1, speed
2, sense surroundings 1, tough skin 3
}: 1/15 runes: serpentine
a: Depart the Abyss, Bend Space, Banish, Corrupt, Renounce Religion, Evoke
Flight


You were on level 3 of the Elven Halls.
You worshipped Lugonu.
Lugonu was greatly pleased with you.
You were not hungry.

You visited 6 branches of the dungeon, and saw 35 of its levels.
You visited the Abyss 5 times.
You visited 1 bazaar.
You also visited: Volcano.

You collected 4878 gold pieces.
You spent 3714 gold pieces at shops.

Inventory:

Hand Weapons
 a - a +9 hand axe of draining (weapon)
 A - a +6 war axe of electrocution
 L - a +2 broad axe of flaming
Missiles
 N - 38 boomerangs (quivered)
Armour
 e - a scarf of resistance (worn)
 m - a +2 pair of gloves (worn)
 y - a +0 shield of reflection (worn)
 F - a +0 helmet (worn)
 I - a +5 chain mail of fire resistance (worn)
 K - a +2 centaur barding of cold resistance (worn)
Jewellery
 l - the ring "Ashyxupn" (right hand) {+Fly MR+ EV+5 Str+4 Slay+3}
   (You bought it in a shop on level 2 of the Orcish Mines)

   [ring of evasion]

   It affects your evasion (+5).
   It affects your strength (+4).
   It affects your accuracy and damage with ranged weapons and melee attacks
   (+3).
   It affects your resistance to hostile enchantments.
   It lets you fly.
 r - a +6 ring of evasion (left hand)
 t - an uncursed ring of see invisible
 u - an uncursed amulet of the acrobat
 B - an uncursed ring of poison resistance
 H - an uncursed ring of protection from fire
 M - an amulet of regeneration (around neck)
 P - an uncursed ring of protection from magic
 W - an uncursed ring of positive energy
Wands
 q - a wand of digging (15)
 U - a wand of clouds (3)
Scrolls
 d - 5 scrolls of magic mapping
 h - 25 scrolls of remove curse
 k - 2 scrolls of silence
 w - 5 scrolls of teleportation
 x - 6 scrolls of fog
 C - 8 scrolls of identify
 E - 2 scrolls of blinking
 Y - 2 scrolls of fear
Potions
 f - a potion of agility
 i - 4 potions of might
 j - 2 potions of cancellation
 n - 9 potions of curing
 o - 3 potions of ambrosia
 p - 2 potions of haste
 s - a potion of mutation
 v - 5 potions of invisibility
 z - a potion of resistance
 O - 2 potions of magic
Books
 b - a manual of Long Blades
Comestibles
 c - 49 rations
 g - a chunk of flesh


   Skills:
 + Level 15.2(12.9) Fighting
 + Level 16.6(14.3) Axes
 + Level 3.1(1.4) Throwing
 * Level 14.6(12.4) Armour
 * Level 12.5(10.3) Dodging
 + Level 11.0(8.9) Shields
 * Level 17.4(15.1) Invocations
 + Level 1.4(0.0) Evocations


You had 21 spell levels left.
You didn't know any spells.
Your spell library contained the following spells:

 Spells                   Type           Power        Failure   Level  Hunger
 Confusing Touch          Hex            #.....       88%         1    ##.....
 Freeze                   Ice            #...         88%         1    ##.....
 Infusion                 Chrm           #...         88%         1    ##.....
 Sting                    Tmut/Pois      #...         88%         1    ##.....
 Ensorcelled Hibernation  Hex/Ice        #.....       95%         2    ###....
 Poisonous Vapours        Pois/Air       #.....       95%         2    ###....
 Shroud of Golubria       Chrm/Tloc      #.....       95%         2    ###....
 Song of Slaying          Chrm           #.......     95%         2    ###....
 Confuse                  Hex            #.......     99%         3    ####...
 Gell's Gravitas          Tloc           #.........   99%         3    ####...
 Ignite Poison            Fire/Tmut/Pois #.......     99%         3    ####...
 Mephitic Cloud           Conj/Pois/Air  #.......     99%         3    ####...
 Ozocubu's Armour         Chrm/Ice       #.......     99%         3    ####...
 Regeneration             Chrm/Necr      #.........   99%         3    ####...
 Spectral Weapon          Hex/Chrm       #.......     99%         3    ####...
 Summon Guardian Golem    Hex/Summ       #.......     99%         3    ####...
 Hailstorm                Conj/Ice       #.......     100%        4    #####..
 Olgreb's Toxic Radiance  Pois           #.......     100%        4    #####..
 Petrify                  Tmut/Erth      #.......     100%        4    #####..
 Summon Ice Beast         Ice/Summ       #.......     100%        4    #####..
 Borgnjor's Vile Clutch   Necr/Erth      #.........   100%        5    ######.
 Fireball                 Conj/Fire      #.........   100%        5    ######.
 Lightning Bolt           Conj/Air       #.........   100%        5    ######.
 Metabolic Englaciation   Hex/Ice        #.........   100%        5    ######.
 Silence                  Hex/Air        #.........   100%        5    ######.
 Yara's Violent Unravell  Hex/Tmut       #.........   100%        5    ######.
 Darkness                 Hex            #.........   100%        6    #######
 Shadow Creatures         Summ           N/A          100%        6    #######


Dungeon Overview and Level Annotations

Branches:
Dungeon (15/15)            Temple (0/1) D:6            Lair (6/6) D:10
 Shoals (0/4) Lair:3        Snake (4/4) Lair:4        Slime (0/5) Lair:6
    Orc (2/2) D:9             Elf (3/3) Orc:2        Vaults (4/5) D:13
  Crypt (0/3) Vaults:3     Depths (0/5) D:15        Volcano (visited)

Altars:
Dithmenos
Elyvilon
Gozag
Hepliaklqana
Makhleb
Okawaru
Qazlal
Ru
Sif Muna
Vehumet
Xom
Yredelemnul
Zin
Beogh

Shops:
D:9 [   D:10 (   D:12 ?=*   D:15 ?*?   Orc:2 (!==   Elf:1 =}=   Elf:2 ?
Elf:3 ((   Snake:1 ?[((   Vaults:1 !   Vaults:3 (

Annotations:
Lair:3 3 runed translucent doors, Qann's ghost, journeyman HuNe; Thargor's ghost, journeyman GnWz; Ynegoov's ghost, journeyman TrTm; walterwhite's ghost, journeyman TeCj
Vaults:4 corrupted
Vaults:5 corrupted


Innate Abilities, Weirdness & Mutations

You have hooves in place of feet.
Armour fits poorly on your strangely shaped body.
You cover ground very quickly.
You have extremely tough skin. (AC +3)
You are partially covered in large bone plates. (SH +4)
You possess an exceptional clarity of mind.
You are dopey. (Int -2)
You passively map a small area around you.


Message History

The deep elf annihilator blinks!
Unknown command.
You slash the small abomination!
The small abomination is severely damaged.
You barely miss the deep elf death mage.
You feel sick.
You block the small abomination's attack.
The deep elf death mage is infused with unholy energy.
* * * LOW HITPOINT WARNING * * *
The deep elf death mage draws life force from you and is healed!
You hit the small abomination. You kick the small abomination.
The small abomination is almost destroyed.
You slash the deep elf death mage!
You feel sick.
Unknown command.
You hear the stately tolling of a very distant bell.
You feel sick.
The small abomination hits you but does no damage.
The deep elf death mage points at you and mumbles some strange words.
The bolt of negative energy hits you!!
You feel drained.
You die...

, ...##* * ,#...# *
...## ,* #...# , ,,
...##* ##...# *
##...# #..... ,
##...# ##....
##e..## #....
#.e.## #...# ##)##
*#.### #.x@#
#####.# # ##..#
##..(.#* # #..#
##.....#####
#.######...........
#.......#.....#####
######..#...)..####
#......#.)....#.
#..∩............
###..#####..###.


You could see a deep elf annihilator, a deep elf death mage and a small
abomination.

Vanquished Creatures
  Sojobo (Vaults:1)
  Bai Suzhen (Vaults:2)
  Vashnia (Snake:3)
  Saint Roka (Vaults:2)
  Frederick (Vaults:4)
  Xtahua (Vaults:4)
  A bone dragon (Abyss:1)
  Jorgrun (D:13)
  Rupert (Abyss:1)
  The ghost of swagumen the Rich, an adept GnSu of Gozag (Snake:4)
  Asterion (Snake:3)
  Frances (Elf:1)
  A sphinx (Vaults:3)
  Gastronok (Lair:3)
  2 tentacled starspawn (Abyss:1)
  Roxanne (Elf:1)
  A storm dragon (Vaults:3)
  A shadow dragon (shapeshifter) (Vaults:3)
  7 nagarajas (Snake:4)
  2 tengu reavers
  A shadow dragon (Vaults:4)
  Donald (Elf:1)
  3 fire giants
  2 orc warlords
  A frost giant (Vaults:4)
  Louise (Snake:1)
  A balrug (Abyss:1)
  Aizul (Snake:1)
  2 deep elf sorcerers (Elf:1)
  5 vault wardens
  A ghoul (Vaults:3)
  A curse skull (Vaults:4)
  7 ironheart preservers
  A deep elf elementalist (Elf:3)
  4 stone giants
  A reaper (Abyss:1)
  An entropy weaver (Vaults:4)
  A white draconian (Abyss:1)
  2 eidola (Vaults:4)
  An ettin (D:15)
  3 deep elf death magi
  13 yaktaur captains
  2 ice dragons (Vaults:4)
  22 vault guards
  2 fire dragons
  2 great orbs of eyes
  16 naga warriors
  5 rakshasas
  A catoblepas (D:13)
  8 hydras
  5 death knights
  The ghost of Ykagam the Blocker, a journeyman OpFi of Xom (D:11)
  13 centaur warriors
  24 dancing weapons
  15 anacondas
  28 two-headed ogres
  8 death yaks
  A deep troll shaman (Vaults:3)
  11 ogre magi
  A queen ant (Lair:6)
  Sonja (Lair:3)
  17 naga sharpshooters
  9 shock serpents
  4 orc high priests (Orc:2)
  A wretched star (Abyss:1)
  Nergalle (D:10)
  17 deep elf knights
  A sun demon (Abyss:1)
  A fire crab (D:15)
  7 skeletal warriors
  3 salamander mystics
  13 deep trolls
  4 shadow wraiths
  3 wizards
  2 flayed ghosts (Vaults:4)
  A glowing orange brain (Vaults:3)
  8 sea snakes (Snake:4)
  A sixfirhy (Abyss:1)
  4 unseen horrors
  5 naga ritualists
  3 phantasmal warriors (Vaults:4)
  14 harpies
  20 orc knights
  18 deep elf archers
  11 ironbrand convokers
  69 deep elf magi
  13 ugly things
  A human zombie (Vaults:4)
  8 orc sorcerers
  A worldbinder (Abyss:2)
  2 necromancers (Vaults:4)
  4 mana vipers
  A manticore (D:15)
  3 large abominations (Abyss:1)
  19 salamanders
  8 wolf spiders
  16 cyclopes
  A sphinx skeleton (Vaults:4)
  11 elephants
  33 black mambas
  Maurice (D:8)
  A merfolk siren (Lair:3)
  8 guardian serpents
  8 vault sentinels
  A centaur zombie (D:15)
  Joseph (Abyss:1)
  14 naga magi
  A smoke demon (Abyss:2)
  An orange demon (Abyss:1)
  A kobold demonologist (D:14)
  6 freezing wraiths
  11 spiny frogs
  A rime drake (shapeshifter) (Vaults:2)
  25 yaktaurs
  2 rime drakes
  2 efreet (D:14)
  2 tengu conjurers (D:15)
  5 komodo dragons
  A human skeleton (Vaults:4)
  A red devil (Abyss:1)
  6 trolls
  A harpy zombie (D:12)
  2 ancient zymes (Abyss:1)
  4 polar bears (Lair:6)
  9 hornets
  10 hippogriffs
  13 blink frogs
  4 dream sheep
  11 slime creatures
  A frost giant simulacrum (Vaults:4)
  A meliai zombie (D:15)
  3 air elementals
  3 raiju (Abyss:1)
  A centaur simulacrum (D:15)
  11 spriggans (Lair:6)
  6 wraiths
  A tarantella (Vaults:4)
  A starcursed mass (Abyss:1)
  3 shadows
  4 fire elementals
  4 small abominations (Abyss:1)
  5 water elementals
  33 yaks
  6 wyverns
  2 basilisks (D:13)
  5 hungry ghosts
  A human (shapeshifter) (Abyss:1)
  3 neqoxecs
  A chaos spawn (Abyss:1)
  6 vampire mosquitoes
  Menkaure (D:7)
  8 wargs
  5 insubstantial wisps (Abyss:1)
  50 nagas
  An acid dragon (shapeshifter) (D:15)
  3 acid dragons
  4 hell hounds (Abyss:1)
  19 soldier ants
  18 water moccasins
  A floating eye (shapeshifter) (Vaults:4)
  6 porcupines
  A porcupine (shapeshifter) (Vaults:4)
  4 phantoms
  43 orc warriors
  3 ice beasts
  2 black bears
  3 sky beasts
  9 boggarts
  30 ogres
  64 wolves
  9 centaurs
  13 crocodiles
  5 big kobolds
  18 bullfrogs
  6 earth elementals
  3 scorpions
  A troll zombie (D:9)
  13 killer bees
  6 wights
  A howler monkey (D:11)
  2 bullfrog zombies
  10 crimson imps
  2 quasits
  5 hounds
  3 jellies
  30 orc wizards
  8 centaur skeletons
  25 orc priests
  A bullfrog skeleton (D:10)
  4 iguanas
  Terence (D:3)
  A hell rat (Lair:6)
  31 worker ants
  A killer bee zombie (D:6)
  7 ogre zombies (D:9)
  2 hound skeletons
  2 howler monkey zombies (D:10)
  A howler monkey skeleton (D:5)
  9 gnolls
  13 adders
  3 shadow imps
  2 ufetubi (Abyss:1)
  An ooze (D:3)
  An adder zombie (D:6)
  An adder skeleton (D:4)
  3 worms
  4 dart slugs
  8 leopard geckos
  95 orcs
  8 giant cockroaches
  11 hobgoblins
  9 jackals
  4 quokkas
  2 ball pythons (Lair:4)
  8 bats
  4 frilled lizards
  7 goblins
  2 goblin skeletons (D:9)
  4 goblin zombies (D:9)
  3 hobgoblin skeletons (D:9)
  3 hobgoblin zombies (D:9)
  2 jackal skeletons
  15 kobolds
  A leopard gecko skeleton (D:6)
  An orc skeleton (D:9)
  10 orc zombies (D:9)
  A quokka skeleton (D:5)
  7 rats
  5 fungi
1593 creatures vanquished.

Vanquished Creatures (collateral kills)
  A raiju (Abyss:3)
1 creature vanquished.

Vanquished Creatures (others)
  The ghost of iamserjio the Warrior, an adept OpWn of Okawaru (Vaults:4)
  2 tengu reavers (Vaults:4)
  A fire giant (Vaults:4)
  A vault warden (Vaults:4)
  A curse skull (Vaults:4)
  2 stone giants
  2 entropy weavers
  A red draconian (Volcano)
  2 yaktaur captains (Vaults:4)
  A centaur warrior (Vaults:1)
  A two-headed ogre (Vaults:4)
  A deep troll shaman (D:15)
  An unseen horror (D:14)
  A flayed ghost (Vaults:4)
  A deep elf archer (Elf:1)
  3 ironbrand convokers (Vaults:4)
  A phantasmal warrior (Vaults:4)
  An orc knight (Vaults:4)
  A gargoyle (D:5)
  A spiny frog (Lair:5)
  A freezing wraith (Vaults:4)
  A hippogriff (D:9)
  A water elemental (Elf:1)
  A soldier ant (Lair:5)
  A water moccasin (Lair:5)
  A porcupine (Lair:1)
  An orc warrior (Vaults:4)
  2 orcs (Vaults:4)
  A goblin skeleton (D:9)
  An orc zombie (D:9)
  A bush (Lair:6)
  7 fungi
  A lurking horror (Abyss:1)
  5 plants
  8 starspawn tentacles
59 creatures vanquished.

Grand Total: 1653 creatures vanquished

Notes
Turn   | Place    | Note
-------+----------+-------------------------------------------
     0 | Abyss:1  | Gargoyl the Centaur Abyssal Knight began the quest for the
                  | Orb.
     0 | Abyss:1  | Reached XP level 1. HP: 19/19 MP: 2/2
    15 | Abyss:2  | Found a corrupted altar of Lugonu.
    31 | Abyss:2  | Found a corrupted altar of Lugonu.
    72 | Abyss:2  | Found a corrupted altar of Lugonu.
    73 | Abyss:2  | Noticed a great orb of eyes
    76 | Abyss:3  | Found a corrupted altar of Lugonu.
   115 | Abyss:3  | Noticed a raiju
   117 | Abyss:3  | Killed a raiju
   117 | Abyss:3  | Reached XP level 2. HP: 28/28 MP: 3/3
   117 | Abyss:3  | Reached XP level 3. HP: 34/34 MP: 4/4
   117 | Abyss:3  | Reached XP level 4. HP: 41/41 MP: 5/5
   119 | Abyss:3  | Noticed a raiju
   121 | Abyss:3  | Noticed a raiju
   128 | Abyss:4  | Noticed a wretched star
   129 | D:1      | Escaped the Abyss
   252 | D:1      | Reached * piety under Lugonu
   831 | D:2      | Reached ** piety under Lugonu
   831 | D:2      | Reached skill level 1 in Dodging
   926 | D:2      | Reached XP level 5. HP: 47/47 MP: 6/6
  1107 | D:2      | Found an iron altar of Okawaru.
  1151 | D:3      | Noticed Terence
  1166 | D:3      | Killed Terence
  1409 | D:3      | Reached skill level 3 in Invocations
  1581 | D:3      | Reached XP level 6. HP: 40/53 MP: 8/8
  1710 | D:3      | Found a stormy altar of Qazlal.
  1742 | D:3      | Reached *** piety under Lugonu
  1997 | D:4      | Found a shimmering blue altar of Sif Muna.
  2274 | D:4      | Reached XP level 7. HP: 26/60 MP: 9/9
  2551 | D:4      | Found a shadowy altar of Dithmenos.
  2847 | D:5      | Entered Level 5 of the Dungeon
  2934 | D:5      | Reached skill level 5 in Fighting
  2934 | D:5      | Reached skill level 4 in Invocations
  3109 | D:5      | Found a hazy altar of Hepliaklqana.
  3192 | D:5      | Noticed a gargoyle
  3206 | D:5      | Banished a gargoyle
  3206 | D:5      | Reached XP level 8. HP: 43/68 MP: 11/11
  3431 | D:5      | Found a shimmering altar of Xom.
  3431 | D:5      | Found an opulent altar of Gozag.
  3460 | D:5      | Found a burning altar of Makhleb.
  3851 | D:6      | Found an opulent altar of Gozag.
  3974 | D:6      | Found a basalt altar of Yredelemnul.
  4114 | D:6      | Found a staircase to the Ecumenical Temple.
  4281 | D:5      | Reached skill level 5 in Invocations
  4337 | D:6      | Reached **** piety under Lugonu
  4902 | D:7      | Noticed a hippogriff
  4916 | D:7      | Killed a hippogriff
  4916 | D:7      | Reached skill level 5 in Axes
  4931 | D:7      | Reached skill level 5 in Armour
  5121 | D:8      | Reached XP level 9. HP: 27/74 MP: 13/13
  5620 | D:7      | Found a glowing silver altar of Zin.
  5804 | D:7      | Noticed Menkaure
  5807 | D:7      | Killed Menkaure
  5955 | D:8      | Noticed Maurice
  6014 | D:8      | Killed Maurice
  6014 | D:8      | Reached skill level 1 in Throwing
  6170 | D:8      | Found a sacrificial altar of Ru.
  6435 | D:9      | Reached skill level 6 in Invocations
  6647 | D:9      | Noticed a two-headed ogre
  6674 | D:9      | Killed a two-headed ogre
  7010 | D:9      | Reached XP level 10. HP: 76/83 MP: 14/14
  7076 | D:9      | Found Kuos's Antique Armour Shoppe.
  7152 | D:9      | Found a radiant altar of Vehumet.
  7218 | D:9      | Reached ***** piety under Lugonu
  7277 | D:9      | Found a staircase to the Orcish Mines.
  7841 | D:9      | Noticed a three-headed hydra
  7846 | D:9      | Killed a one-headed hydra
  7846 | D:9      | Reached skill level 7 in Invocations
  8313 | D:10     | Entered Level 10 of the Dungeon
  8329 | D:10     | Found a staircase to the Lair.
  8710 | D:10     | Got a slimy giant spiked club
  8711 | D:10     | Identified the cursed +1 giant spiked club of Popular
                  | Demand {crush, SInv} (You found it on level 10 of the
                  | Dungeon)
  9073 | D:10     | Noticed Nergalle
  9091 | D:10     | Killed Nergalle
  9091 | D:10     | Reached skill level 5 in Dodging
  9091 | D:10     | Reached XP level 11. HP: 84/91 MP: 16/16
  9166 | D:10     | Found Varovviss's Antique Weapon Boutique.
  9431 | D:11     | Noticed a brown ugly thing
  9466 | D:10     | Banished a brown ugly thing
  9728 | Lair:1   | Entered Level 1 of the Lair of Beasts
  9799 | Lair:1   | Noticed a six-headed hydra
 10092 | Lair:1   | Killed a one-headed hydra
 10092 | Lair:1   | Reached skill level 1 in Shields
 10368 | Lair:1   | Found a dark tunnel.
 10379 | Volcano  | Entered a volcano
 10417 | Volcano  | Reached skill level 8 in Invocations
 10464 | Volcano  | Noticed a red draconian
 10476 | Volcano  | Banished a red draconian
 10753 | Volcano  | Noticed a salamander mystic
 10767 | Volcano  | Killed a salamander mystic
 11234 | Lair:1   | Noticed Joseph
 11829 | Lair:1   | Noticed a seven-headed hydra
 11834 | Lair:1   | Noticed a six-headed hydra
 11839 | Lair:1   | HP: 4/92 [five-headed hydra (5)]
 11846 | Lair:1   | HP: 4/92 [poisoned by a water moccasin]
 11851 | Lair:1   | HP: 4/92 [poisoned by a water moccasin]
 11859 | Lair:1   | HP: 4/92 [poisoned by a water moccasin]
 12860 | Lair:1   | Banished Joseph
 12860 | Lair:1   | Reached skill level 9 in Invocations
 13187 | Lair:1   | Reached XP level 12. HP: 98/100 MP: 18/18
 13226 | Lair:1   | Killed a three-headed hydra
 14243 | Lair:2   | You fall into a shaft and drop 1 floor!
 14243 | Lair:3   | Found a staircase to the Shoals.
 14243 | Lair:3   | Noticed Rupert
 14311 | Lair:3   | Banished Rupert
 14376 | Lair:3   | Noticed Gastronok
 14402 | Lair:3   | Killed Gastronok
 14467 | Lair:3   | Noticed Sonja
 14624 | Lair:3   | Killed Sonja
 14624 | Lair:3   | Reached skill level 10 in Axes
 14929 | Lair:3   | Reached skill level 10 in Invocations
 15766 | Lair:3   | Found a runed translucent gate.
 15767 | Lair:3   | Found a runed translucent gate.
 15768 | Lair:3   | Found a runed translucent gate.
 15769 | Lair:3   | Noticed Ynegoov's ghost (journeyman TrTm)
 15769 | Lair:3   | Noticed Qann's ghost (journeyman HuNe)
 15777 | Lair:3   | Noticed Thargor's ghost (journeyman GnWz)
 15778 | Lair:3   | Noticed walterwhite's ghost (journeyman TeCj)
 16104 | Lair:4   | Noticed a five-headed hydra
 16115 | Lair:4   | Killed a one-headed hydra
 16527 | Lair:4   | Found a staircase to the Snake Pit.
 16599 | Lair:4   | Reached XP level 13. HP: 105/107 MP: 20/20
 20125 | Lair:5   | Reached skill level 11 in Invocations
 20641 | Lair:5   | Found a basalt altar of Yredelemnul.
 21137 | Lair:5   | Reached skill level 10 in Armour
 21468 | Lair:6   | Entered Level 6 of the Lair of Beasts
 21832 | Lair:6   | Found a staircase to the Slime Pits.
 22012 | Lair:6   | Noticed an entropy weaver
 22053 | Lair:6   | HP: 1/111 [spiny frog (19)]
 22421 | Lair:5   | Banished an entropy weaver
 22682 | Lair:6   | Reached XP level 14. HP: 62/118 MP: 22/22
 22846 | Lair:6   | Noticed an entropy weaver
 22855 | Lair:6   | Banished an entropy weaver
 24260 | Lair:6   | Reached ****** piety under Lugonu
 24590 | Lair:6   | Paralysed by a hornet for 2 turns
 25432 | D:11     | Reached skill level 12 in Invocations
 25855 | D:11     | Found a runed translucent gate.
 25855 | D:11     | Found an opulent altar of Gozag.
 25856 | D:11     | Found a runed translucent gate.
 25856 | D:11     | Found a runed translucent gate.
 25857 | D:11     | Noticed Ykagam's ghost (journeyman OpFi)
 25885 | D:11     | Killed Ykagam's ghost
 26434 | D:12     | Found Gyunieqi's Jewellery Boutique.
 27550 | D:12     | Reached skill level 10 in Fighting
 27956 | D:12     | Found Muuplaqe's Magic Scroll Emporium.
 28028 | D:12     | Identified a scroll of acquirement
 28440 | D:12     | Found Zayxkocu's Assorted Antiques.
 28556 | D:12     | Bought a runed hand axe for 168 gold pieces
 28747 | D:13     | Noticed Jorgrun
 28780 | D:13     | Killed Jorgrun
 29129 | D:13     | Reached XP level 15. HP: 126/126 MP: 24/24
 29205 | D:13     | Found a gate to the Vaults.
 30397 | D:14     | Found a white marble altar of Elyvilon.
 31328 | D:15     | Entered Level 15 of the Dungeon
 31700 | D:15     | Cast into level 2 of the Abyss (vault guard)
 31916 | Abyss:2  | Noticed a daeva
 31934 | D:15     | Escaped the Abyss
 32571 | D:15     | Found Qyqemop's General Store.
 32587 | D:15     | Bought a scroll of enchant weapon for 142 gold pieces
 32587 | D:15     | Bought a potion of heal wounds for 95 gold pieces
 32594 | D:15     | Noticed a fire giant
 32612 | D:15     | Killed a fire giant
 32866 | D:15     | Reached skill level 13 in Invocations
 33095 | D:15     | Found Zuettit's Magic Scroll Boutique.
 33116 | D:15     | Bought a scroll of teleportation for 42 gold pieces
 33116 | D:15     | Bought a scroll of blinking for 105 gold pieces
 33125 | D:15     | Noticed a tengu reaver
 33154 | D:15     | Killed a tengu reaver
 33708 | D:15     | Found Ohufrej's Magic Scroll Shoppe.
 33722 | D:15     | Bought a scroll of teleportation for 42 gold pieces
 33780 | D:15     | Found the ring of the Octopus King
 33804 | D:15     | Got a ring of the Octopus King
 33830 | D:15     | Identified a ring of the Octopus King {rCorr AC+1 EV+1
                  | Str+1 Int+1 Dex+1} (You found it on level 15 of the
                  | Dungeon)
 34019 | D:15     | Reached XP level 16. HP: 135/136 MP: 25/25
 34028 | D:15     | Got an ancient bronze ring
 34031 | D:15     | Identified the ring of Guckic {*Tele +Fly Int-2 Slay+2}
                  | (You found it on level 15 of the Dungeon)
 34171 | D:15     | Found a staircase to the Depths.
 34461 | D:15     | Got a pitted bronze ring
 34613 | D:15     | Identified the cursed ring "Wuiguusse" {rElec rN++ Dex-4
                  | Slay-3} (You found it on level 15 of the Dungeon)
 34792 | Orc:1    | Entered Level 1 of the Orcish Mines
 34858 | Orc:1    | Upgraded the game from 0.25-a0-289-g406d6369f5 to
                  | 0.25-a0-290-g4a1327ee3a
 35233 | Orc:2    | Entered Level 2 of the Orcish Mines
 35470 | Orc:2    | Reached skill level 5 in Shields
 36145 | Orc:2    | Found a staircase to the Elven Halls.
 36550 | Orc:2    | Found a roughly hewn altar of Beogh.
 36656 | Orc:2    | Found Akkesitu's Jewellery Shop.
 36660 | Orc:2    | Found Zaumnoda's Distillery.
 38035 | Orc:2    | Found Tyug's Jewellery Shop.
 38036 | Orc:2    | Found Niciatz's Weapon Shoppe.
 38095 | Orc:2    | Bought the ring "Ashyxupn" {+Fly MR+ EV+5 Str+4 Slay+3} for
                  | 1360 gold pieces
 38110 | Orc:2    | Bought an uncursed amulet of regeneration for 360 gold
                  | pieces
 38363 | Snake:1  | Entered Level 1 of the Snake Pit
 38374 | Snake:1  | Found Juphos's Magic Scroll Shoppe.
 38376 | Snake:1  | Found Ysohisch's Weapon Emporium.
 38376 | Snake:1  | Found Ibaum's Armour Shoppe.
 38389 | Snake:1  | Bought a scroll of teleportation for 42 gold pieces
 38389 | Snake:1  | Found Xuyn's Antique Weapon Emporium.
 38627 | Snake:1  | Noticed Aizul
 38650 | Snake:1  | Killed Aizul
 38661 | Snake:1  | Noticed Louise
 38670 | Snake:1  | Killed Louise
 40680 | Snake:2  | Reached skill level 14 in Invocations
 40680 | Snake:2  | Reached skill level 1 in Evocations
 40680 | Snake:2  | Reached XP level 17. HP: 144/144 MP: 27/27
 40681 | Snake:2  | Gained mutation: You are frail. (-10% HP) [potion of
                  | mutation]
 40681 | Snake:2  | Gained mutation: Scrolls take you a little longer to read.
                  | [potion of mutation]
 40681 | Snake:2  | Lost mutation: You are frail. (-10% HP) [potion of
                  | mutation]
 41449 | Snake:3  | Noticed Vashnia
 41785 | Snake:3  | Reached XP level 18. HP: 121/152 MP: 28/28
 42532 | Snake:3  | Noticed Asterion
 42546 | Snake:3  | Killed Asterion
 42630 | Snake:3  | Reached skill level 10 in Dodging
 42763 | Snake:4  | Entered Level 4 of the Snake Pit
 42818 | Snake:4  | Found a runed translucent door.
 42851 | Snake:4  | Noticed swagumen's ghost (adept GnSu)
 42948 | Snake:4  | Killed swagumen's ghost
 47430 | Snake:4  | Got a serpentine rune of Zot
 48081 | Snake:3  | Killed Vashnia
 48081 | Snake:3  | Reached XP level 19. HP: 97/161 MP: 30/30
 48092 | Snake:3  | Reached skill level 15 in Invocations
 48654 | Vaults:1 | Entered Level 1 of the Vaults
 49894 | Vaults:1 | Found Mumnakae's Distillery.
 49902 | Vaults:1 | Bought a potion of heal wounds for 70 gold pieces
 49902 | Vaults:1 | Bought 2 potions of heal wounds for 140 gold pieces
 50245 | Vaults:2 | Noticed Sojobo
 51045 | Vaults:2 | Reached skill level 15 in Axes
 51057 | Vaults:2 | Noticed Saint Roka
 51369 | Vaults:1 | Killed Sojobo
 52436 | Vaults:2 | Noticed Bai Suzhen
 52459 | Vaults:2 | Killed Bai Suzhen
 52930 | Vaults:2 | Killed Saint Roka
 52930 | Vaults:2 | Reached XP level 20. HP: 46/172 MP: 31/31
 54273 | Vaults:3 | Found a staircase to the Crypt.
 54498 | Vaults:3 | Found Tutik's Antique Weapon Emporium.
 54584 | Vaults:3 | Reached skill level 16 in Invocations
 55982 | Vaults:4 | Found a flickering gateway to a bazaar.
 55990 | Bazaar   | Entered a bazaar
 55990 | Bazaar   | Found Feumumy's Distillery.
 56177 | Bazaar   | Found Ymoteum's Antique Armour Shop.
 56204 | Bazaar   | Found Ymeih's Antique Weapon Shop.
 56232 | Bazaar   | Bought a spiked plate armour for 896 gold pieces
 56245 | Bazaar   | Bought a potion of heal wounds for 70 gold pieces
 56245 | Bazaar   | Bought a potion of heal wounds for 70 gold pieces
 56245 | Bazaar   | Bought a potion of mutation for 112 gold pieces
 56245 | Bazaar   | Lost mutation: Scrolls take you a little longer to read.
                  | [potion of mutation]
 56245 | Bazaar   | Gained mutation: You possess an exceptional clarity of
                  | mind. [potion of mutation]
 56245 | Bazaar   | Gained mutation: You passively map a small area around you.
                  | [potion of mutation]
 56245 | Bazaar   | Gained mutation: You are partially covered in large bone
                  | plates. (SH +4) [potion of mutation]
 56312 | Vaults:3 | Identified the +10 plate armour of the Moneychanger {rN+}
                  | (You bought it in a shop in a bazaar)
 56469 | Vaults:4 | Noticed Frederick
 56506 | Vaults:4 | Killed Frederick
 56594 | Vaults:4 | Found a runed translucent gate.
 56594 | Vaults:4 | Found a runed translucent gate.
 56594 | Vaults:4 | Found a runed translucent gate.
 56595 | Vaults:4 | Noticed iamserjio's ghost (adept OpWn)
 56654 | Abyss:1  | Gained mutation: You are dopey. (Int -2) [a neqoxec]
 56678 | Abyss:1  | Killed Rupert
 56889 | Abyss:1  | Paralysed by accursed screaming for 1 turns
 56895 | Abyss:1  | Paralysed by accursed screaming for 2 turns
 57021 | Abyss:1  | Noticed a bone dragon
 57052 | Abyss:1  | Killed a bone dragon
 57061 | Abyss:1  | Killed Joseph
 57265 | Vaults:4 | Escaped the Abyss
 57525 | Abyss:1  | Paralysed by accursed screaming for 1 turns
 57531 | Vaults:4 | Escaped the Abyss
 58421 | Vaults:4 | Reached XP level 21. HP: 181/181 MP: 33/33
 58932 | Vaults:4 | Reached skill level 10 in Shields
 59215 | Vaults:4 | Corrupted Vaults:4
 59227 | Vaults:4 | Killed iamserjio's ghost
 59681 | Vaults:4 | Got a translucent cloak
 59682 | Vaults:4 | Identified the +4 cloak of Acefinoh {MR++} (You found it on
                  | level 4 of the Vaults)
 59791 | Vaults:4 | Noticed Xtahua
 59810 | Vaults:4 | Killed Xtahua
 60290 | Vaults:5 | Entered Level 5 of the Vaults
 60291 | Vaults:5 | Corrupted Vaults:5
 60769 | Elf:1    | Entered Level 1 of the Elven Halls
 60912 | Elf:1    | Reached skill level 17 in Invocations
 61425 | Elf:1    | Noticed Roxanne
 61427 | Elf:1    | Noticed Frances
 61463 | Elf:1    | Killed Frances
 61618 | Elf:1    | Killed Roxanne
 61683 | Elf:1    | Found Jemeb's Jewellery Shoppe.
 61684 | Elf:1    | Found Vesyseru's Gadget Boutique.
 61685 | Elf:1    | Found Rioguxad's Jewellery Shoppe.
 61738 | Elf:1    | Noticed Donald
 61755 | Elf:1    | Killed Donald
 61862 | Elf:1    | Identified the Volume of the Valley
 62490 | Elf:2    | Found Zibruuceps's Magic Scroll Shoppe.
 62672 | Elf:2    | Found a runed translucent gate.
 62678 | Elf:2    | Found a runed translucent gate.
 62678 | Elf:2    | Found a runed translucent gate.
 63012 | Elf:2    | Reached skill level 15 in Fighting
 63244 | Elf:2    | Reached XP level 22. HP: 176/192 MP: 34/34
 63511 | Abyss:1  | HP: 2/192 [poisoned by a +4 halberd of venom]
 63534 | Abyss:1  | HP: 8/192 [vault warden/+0 broad axe (19)]
 63749 | Elf:2    | Escaped the Abyss
 64414 | Elf:3    | Entered Level 3 of the Elven Halls
 64512 | Elf:3    | Found Gylo's Weapon Boutique.
 64624 | Elf:3    | Found Cutuxesk's Weapon Boutique.
 64756 | Elf:3    | Killed from afar by a deep elf death mage

Levels and vault maps discovered:
D:1:      lemuel_arrival_behind_the_door_large, layout_rooms,
          minmay_misc_feat_more_columns
D:2:      minmay_angry_zag, layout_rooms, kennysheep_okawaru_gauntlet
D:3:      layout_rooms, nicolae_qazlal_general_emergency, uniq_terence
D:4:      layout_rooms, overflow_temple_1_default,
          nicolae_overflow_crystal_walls
D:5:      kennysheep_big_flooded_room, layout_loops_ring,
          overflow_temple_1_default, gammafunk_temple_overflow_statue,
          lightli_temple_of_fire, first_ration
D:6:      layout_cave_pods, lemuel_doored_altar, minmay_temple_entry_hall,
          basic_altar
D:7:      layout_basic, zin_statuary, uniq_menkaure
D:8:      layout_loops_cross, hangedman_ru_absence, uniq_maurice
D:9:      layout_small_grid, fiery_altar_vehumet, zombieorc2_lemuel,
          serial_shops, shop, hangedman_ranch [blue_anna_fruit_fields],
          supply_closet_lemuel
D:10:     layout_gridville, lair_entry_dummy, serial_shops, shop, uniq_nergalle
D:11:     wander_river, layout_loops_cross, ebering_ghost_gozag,
          chequers_serial_rivers_micro_b, eino_curves_02, item_on_display_a
D:12:     layout_gridville, serial_shops, shop, kennysheep_mini,
          nicolae_shop_behind_doors, nrook_guardian_serpent_double
D:13:     layout_cross, erik_vaults_2, hangedman_cracks_in_the_wall,
          uniq_jorgrun
D:14:     layout_basic, elyvilon_altar_5
D:15:     hangedman_spin_cycle
Lair:1:   layout_chaotic_city, enter_volcano_1, nzn_random_ring, uniq_joseph
Lair:2:   layout_layer_cave, grunt_megastairs_4, infiniplex_staircase_pool_2,
          serial_bayou_shore_b
Lair:3:   layout_chaotic_city, minmay_shoals_entry_lonely_mermaid,
          gammafunk_ghost_cemetery, uniq_gastronok, uniq_rupert, uniq_sonja
Lair:4:   layout_hall_layers, minmay_snake_entry_six_corridors,
          infiniplex_staircase_pool
Lair:5:   layout_cave_pods, basic_altar, grunt_forest_large_clearings
Lair:6:   minmay_lair_end_enchanted_forest, layout_misc_corridors, slime_dummy,
          st_stairs_12, zaba_anthell
Snake:1:  layout_misc_corridors, grunt_megastairs_5, minmay_shoptagon,
          uniq_aizul, uniq_louise
Snake:2:  layout_misc_corridors
Snake:3:  layout_misc_corridors, nicolae_snake_double_loop, uniq_asterion,
          uniq_vashnia
Snake:4:  grunt_snake_rune_pools, layout_misc_corridors,
          ebering_ghost_reflecting_pool, st_stairs_5, nicolae_large_snake_swirl
Orc:1:    layout_diamond_mine
Orc:2:    st_orc_elflike, layout_diamond_mine, kennysheep_orc_chapel
Elf:1:    layout_geoelf_octagon, minmay_elf_sorcery, minmay_shop_grove,
          uniq_roxanne, uniq_donald, uniq_frances
Elf:2:    layout_geoelf_diagonals, serial_shops,
          nicolae_shop_temple_entry_statues_fountains
Elf:3:    grunt_elf_hall_asides, layout_rooms, serial_shops, bzr_entry_gold,
          shop, shop
Vaults:1: v_misc_22, v_rooms_6, hangedman_vaults_slice, v_misc_30, v_misc_24,
          nicolae_vaults_network_periphery, vaults_mumra_hexcomb,
          vaults_room_fours, grunt_vaults_focal, vaults_dpeg_encased_lava,
          nicolae_vaults_murderbox, v_misc_17, vaults_dpeg_ring,
          vaults_mumra_lcd, layout_vaults_omnibox, serial_shops, shop
Vaults:2: v_rooms_4, nicolae_vaults_shelves_hall, v_pattern_5,
          nicolae_vaults_what_the_h, vaults_room_semicircle, vaults_room_pools,
          v_misc_32, v_misc_9, vaults_dpeg_diagonal, vaults_room_door_hall,
          layout_vaults_omnigrid, uniq_sojobo, uniq_saint_roka, uniq_bai_suzhen
Vaults:3: vaults_standard_mumra_x, nicolae_vaults_network_s,
          ontoclasm_vaults_twist, nicolae_vaults_display_case, v_pattern_4,
          vaults_mumra_hex, vaults_room_grid, v_alt_pattern_1,
          nicolae_vaults_yaktaur_gun_rack, blue_anna_dwarven_crypt,
          layout_vaults_omnicross, serial_shops, shop_fountains
Vaults:4: gammafunk_vaults_ghost_spectres, nicolae_vaults_big_angled_halls,
          dpeg_vaults_pockets_of_resistance, v_misc_9, v_rooms_2, v_pattern_3,
          grunt_vaults_hallway_long, layout_vaults_chaotic_city, serial_shops,
          freezing_bzr, uniq_xtahua, uniq_frederick
Vaults:5

Skill      XL: |  1  2  3  4  5  6  7  8  9 10 11 12 13 14 15 16 17 18 19 20 21 22 |
---------------+-------------------------------------------------------------------+-----
Fighting       | 4 5 6 7 8 9 10 11 12 13 14 15 | 15.2
Axes           | 2 3 4 5 6 8 9 10 11 12 13 14 15 16 | 16.6
Armour         | 2 3 4 5 6 8 9 10 11 12 13 14 | 14.6
Dodging        | 1 2 3 4 5 6 7 8 9 10 11 12 | 12.5
Invocations    | 3 4 5 6 7 9 10 11 12 13 14 15 16 17 | 17.4
Throwing       | 1 2 3 |  3.1
Shields        | 1 2 3 4 5 6 7 8 9 10 11 | 11.0
Evocations     | 1 |  1.4

Action                   |  1- 3 |  4- 6 |  7- 9 | 10-12 | 13-15 | 16-18 | 19-21 | 22-24 || total
-------------------------+-------+-------+-------+-------+-------+-------+-------+-------++-------
Melee: Hand axe          |       |   196 |   293 |   759 |  2068 |  1555 |  1769 |   243 ||  6883
       Kick              |       |    43 |    78 |   253 |   702 |   520 |   959 |    79 ||  2634
       Broad axe         |       |       |       |    15 |    66 |     8 |   420 |       ||   509
Throw: Boomerang         |       |     3 |    15 |     3 |    11 |       |     4 |     4 ||    40
Invok: Depart the Abyss  |       |     1 |       |       |     1 |       |     2 |     1 ||     5
       Banish            |       |       |     1 |     7 |     8 |       |     4 |       ||    20
       Bend Space        |       |       |       |     3 |     2 |       |     3 |       ||     8
       Enter the Abyss   |       |       |       |       |       |       |     2 |     1 ||     3
       Corrupt           |       |       |       |       |       |       |     2 |       ||     2
Evoke: Wand              |       |       |       |     5 |     3 |       |       |       ||     8
  Use: Scroll            |     2 |     9 |    10 |     8 |    17 |     5 |     7 |     1 ||    59
       Potion            |       |       |     1 |     3 |     6 |    11 |     8 |     3 ||    32
 Stab: Petrified         |       |       |       |       |     6 |       |       |       ||     6
       Distracted        |       |       |       |       |     1 |       |     1 |       ||     2
  Eat: Chunk             |       |     3 |    10 |    24 |    21 |    24 |    36 |     1 ||   119
       Ration            |       |       |     1 |     3 |    11 |     5 |     4 |     1 ||    25
Armor: Leather armour    |       |    34 |       |       |       |       |       |       ||    34
       Scale mail        |       |    61 |   150 |   293 |   417 |       |       |       ||   921
       Chain mail        |       |       |       |    30 |   363 |   465 |   540 |    43 ||  1441
Dodge: Dodged            |       |   116 |   220 |   465 |  1193 |   580 |   958 |    82 ||  3614
Block: Buckler           |       |       |    10 |   119 |   281 |       |       |       ||   410
       Shield            |       |       |       |       |   208 |   756 |  1256 |   110 ||  2330
       Reflection        |       |       |       |       |       |       |    12 |     9 ||    21

Table legend:
 A = Non-vault XP
 B = Vault XP
 C = Vault XP percentage of total XP
 D = Non-vault monster count
 E = Vault monster count
 F = Vault count percentage of total count
                 A         B        C        D         E       F
            +---------+---------+-------+---------+---------+-------
      Total |  315751 |  354834 |  52.9 |     946 |     664 |  41.2
            +---------+---------+-------+---------+---------+-------
        D:1 |      45 |       0 |   0.0 |      26 |       0 |   0.0
        D:2 |      27 |       4 |  12.9 |      14 |       3 |  17.6
        D:3 |     238 |      36 |  13.1 |      34 |       1 |   2.9
        D:4 |     373 |       0 |   0.0 |      17 |       0 |   0.0
        D:5 |     708 |     247 |  25.9 |      17 |       2 |  10.5
        D:6 |     440 |       0 |   0.0 |      14 |       0 |   0.0
        D:7 |     680 |     172 |  20.2 |      16 |       1 |   5.9
        D:8 |     670 |     496 |  42.5 |      13 |       1 |   7.1
        D:9 |    2109 |    2864 |  57.6 |      18 |      42 |  70.0
       D:10 |    2933 |     808 |  21.6 |      28 |       1 |   3.4
       D:11 |    6223 |    2212 |  26.2 |      33 |       4 |  10.8
       D:12 |    5795 |     484 |   7.7 |      28 |       1 |   3.4
       D:13 |    6104 |   14717 |  70.7 |      24 |      20 |  45.5
       D:14 |    3912 |       0 |   0.0 |      18 |       0 |   0.0
       D:15 |       0 |   36368 | 100.0 |       0 |      79 | 100.0
     Lair:1 |    3909 |    4367 |  52.8 |      15 |      15 |  50.0
     Lair:2 |    4624 |     754 |  14.0 |      12 |       2 |  14.3
     Lair:3 |    8796 |    4936 |  35.9 |      20 |       4 |  16.7
     Lair:4 |    6001 |    1818 |  23.3 |      23 |      16 |  41.0
     Lair:5 |    3601 |    5227 |  59.2 |      18 |      37 |  67.3
     Lair:6 |    8755 |   14316 |  62.1 |      30 |      90 |  75.0
    Snake:1 |    4960 |    4312 |  46.5 |      12 |       4 |  25.0
    Snake:2 |   16501 |       0 |   0.0 |      29 |       0 |   0.0
    Snake:3 |   23695 |   11699 |  33.1 |      41 |       8 |  16.3
    Snake:4 |   20755 |   43973 |  67.9 |      41 |      60 |  59.4
      Orc:1 |    6961 |       0 |   0.0 |      56 |       0 |   0.0
      Orc:2 |    5403 |    9615 |  64.0 |      46 |      33 |  41.8
      Elf:1 |   24491 |   13809 |  36.1 |      38 |      14 |  26.9
      Elf:2 |   18847 |   22922 |  54.9 |      33 |      30 |  47.6
      Elf:3 |   10817 |    2656 |  19.7 |      22 |       2 |   8.3
   Vaults:1 |   11635 |   25295 |  68.5 |      23 |      35 |  60.3
   Vaults:2 |   23442 |   37297 |  61.4 |      44 |      48 |  52.2
   Vaults:3 |   27526 |   25307 |  47.9 |      36 |      39 |  52.0
   Vaults:4 |   31648 |   59031 |  65.1 |      62 |      63 |  50.4
   Vaults:5 |       0 |     862 | 100.0 |       0 |       1 | 100.0
    Abyss:1 |   21813 |    5001 |  18.7 |      41 |       3 |   6.8
    Abyss:2 |    1187 |       0 |   0.0 |       3 |       0 |   0.0
    Abyss:3 |     127 |       0 |   0.0 |       1 |       0 |   0.0
    Volcano |       0 |    3229 | 100.0 |       0 |       5 | 100.0
            +---------+---------+-------+---------+---------+-------
